 Dungeon Crawl Stone Soup version 0.31-a0-1589-g8f5e8aebd6 (webtiles) character file.

Game seed: 1260168521243035567

2300 CougarLife the Cleaver (level 9, 0/79 HPs)
             Began as a Minotaur Fighter on Jan 6, 2024.
             Was a Follower of Okawaru.
             Succumbed to a kobold brigand's curare-tipped dart
             ... on level 7 of the Dungeon.
             The game lasted 00:08:21 (6073 turns).

CougarLife the Cleaver (Minotaur Fighter)           Turns: 6073, Time: 00:08:22

Health: 0/79       AC: 10    Str: 24    XL:     9   Next: 17%
Magic:  7/9        EV: 10    Int:  7    God:    Okawaru [*.....]
Gold:   364        SH: 11    Dex:  9    Spells: 8/8 levels left

rFire   . . .        a - +0 war axe
rCold   . . .        n - +0 kite shield
rNeg    . . .        b - +0 scale mail
rPois   .            (helmet restricted)
rElec   .            z - +0 cloak
rCorr   +            (no gloves)
SInv    .            (no boots)
Will    .....        (no amulet)
Stlth   +            f - ring of resist corrosion
HPRegen 0.33/turn    (no ring)
MPRegen 0.11/turn

%: no passive effects
@: mighty, lethally poisoned (0 -> -14), heroic, slowed, very slow
A: horns 2, retaliatory headbutt
a: Renounce Religion, Heroism


You were on level 7 of the Dungeon.
You worshipped Okawaru.
Okawaru was aware of your devotion.
You visited 2 branches of the dungeon, and saw 8 of its levels.

You collected 364 gold pieces.

Inventory:

Hand Weapons
 a - a +0 war axe (weapon)
 C - a +2 hand axe of flaming
Missiles
 m - 5 javelins (quivered)
 x - 2 throwing nets
Armour
 b - a +0 scale mail (worn)
 n - a +0 kite shield (worn)
 z - a +0 cloak (worn)
Jewellery
 f - a ring of resist corrosion (left hand)
 i - a ring of protection from cold
 j - a ring of fire
 E - a +6 ring of dexterity
Wands
 u - a wand of light (8)
Scrolls
 c - a scroll of brand weapon {unknown}
 g - 4 scrolls of fog {unknown}
 h - 7 scrolls of identify {unknown}
 l - 2 scrolls of enchant weapon {unknown}
 p - a scroll of teleportation {unknown}
 q - 3 scrolls of amnesia {unknown}
 r - a scroll of blinking {unknown}
 s - 3 scrolls of immolation {unknown}
 y - a scroll of acquirement {unknown}
 B - a scroll of enchant armour {unknown}
 G - a scroll of noise {unknown}
Potions
 d - a potion of might
 e - a potion of mutation {unknown}
 k - 2 potions of haste {unknown}
 o - a potion of curing {unknown}
 t - 2 potions of degeneration {unknown}
 v - 2 potions of brilliance {unknown}
 w - 3 potions of heal wounds {unknown}
 A - 2 potions of enlightenment {unknown}
 D - 2 potions of magic {unknown}
 F - a potion of lignification {unknown}


   Skills:
 + Level 7.6(12.6) Fighting
 - Level 10.1(15.1) Axes
 - Level 7.1(12.1) Armour
 - Level 6.1(11.1) Shields
 * Level 2.6 Invocations


You had 8 spell levels left.
You didn't know any spells.
Your spell library contained the following spells:

 Spells                   Type           Power      Damage    Failure   Level
 Kiss of Death            Conj/Necr      0%         2d5       83%         1
 Confusing Touch          Hex            0%         N/A       99%         3
 Stone Arrow              Conj/Erth      0%         3d7       99%         3
 Volatile Blastmotes      Fire/Tloc      0%         2d10      99%         3
 Dispel Undead            Necr           0%         3d6       100%        4
 Fulminant Prism          Conj/Alch      0%         3d5       100%        4
 Iskenderun's Mystic Bla  Conj/Tloc      0%         2d3       100%        4
 Lehudib's Crystal Spear  Conj/Erth      0%         10d2      100%        8
 Animate Armour           Summ/Erth      Unusable   N/A       N/A         4

Dungeon Overview and Level Annotations

Branches:
Dungeon (7/15)             Temple (1/1) D:6

Altars:
Ashenzari
Cheibriados
Dithmenos
Elyvilon
Hepliaklqana
Kikubaaqudgha
Makhleb
Nemelex Xobeh
Okawaru
Qazlal
Ru
Sif Muna
Trog
Uskayaw
Vehumet
Wu Jian
Yredelemnul
Zin

Shops:
D:4 *

Annotations:
D:1 2 transporters
D:4 1 runed translucent door, CowFu's ghost, amateur GrRe


Innate Abilities, Weirdness & Mutations

You have a pair of horns on your head.
You reflexively headbutt those who attack you in melee.


Message History

You kill the orc wizard!
Okawaru accepts your kill.
The orc unwields a +0 arbalest.
The orc wields a +0 falchion.
The orc hits you with a +0 falchion.
* * * LOW HITPOINT WARNING * * *
The kobold attacks as it pursues you! The kobold hits you with a +0 whip.
* * * LOW HITPOINT WARNING * * *
Things that are here:
15 gold pieces; a +0 dagger; a +0 robe A kobold comes into view.
It is wielding a +0 club.
The kobold hits you with a +0 whip.
* * * LOW HITPOINT WARNING * * *
The orc hits you with a +0 falchion.
* * * LOW HITPOINT WARNING * * *
You barely miss the orc.
The kobold shouts!
Your headbutt misses the orc. You closely miss the kobold.
You slash the kobold!
You kill the kobold!
Okawaru accepts your kill. The kobold hits you with a +0 whip.
* * * LOW HITPOINT WARNING * * *
A kobold comes into view. It is wielding a +0 whip.
The orc barely misses you.
You barely miss the orc.
The kobold shouts!
Your headbutt misses the orc. You hit the kobold brigand.
You slice the kobold!!
You kill the kobold!
The orc closely misses you.
The kobold brigand throws a curare-tipped dart.
The curare-tipped dart hits you.
You are lethally poisoned!
You have difficulty breathing.
* * * LOW HITPOINT WARNING * * *
You feel yourself slow down. The kobold attacks as it pursues you!
The kobold hits you but does no damage. The orc hits you but does no damage.
Items here: $ )) [.
You feel less confused.
You die...

..............#.......#
.........#.#..# ......##
...###..##.#........... #
....##..##.##.###.##.# ..
........##..#####...###...
..#..#.##.#.## #..........
..##.........####.........
..##....##....###)........
#......#####...#@$KK.#...
#......######..#.)o>.#.##
.#........##.............
.#..####......##.........#
###.##......###!...)K.....
.#.....##.### ...K........
.......#..# .........##.#
........... ##........# .#
...(.......# #.........


You could see a kobold brigand, an orc and 3 kobolds.

Vanquished Creatures
  A hornet (D:7)
  3 water moccasins
  2 ice beasts
  A sky beast (D:7)
  4 ogres
  A phantom (D:6)
  2 centaurs
  2 bullfrogs
  2 scorpions (D:6)
  A bombardier beetle (D:3)
  4 orc priests
  4 jellies
  A sleepcap (D:6)
  Natasha (thrice) (D:3)
  5 orc wizards
  4 gnolls (D:6)
  4 adders
  A shadow imp (D:6)
  5 dart slugs
  A ribbon worm (D:3)
  16 orcs
  3 endoplasms
  2 giant cockroaches
  6 hobgoblins
  6 jackals
  5 quokkas
  4 ball pythons
  5 bats
  6 goblins
  8 kobolds
  4 rats
116 creatures vanquished.

Notes
Turn   | Place    | Note
-------+----------+-------------------------------------------
     0 | D:1      | CougarLife the Minotaur Fighter began the quest for the
                  | Orb.
     0 | D:1      | Reached XP level 1. HP: 19/19 MP: 0/0
    46 | D:1      | Reached XP level 2. HP: 27/27 MP: 1/1
   367 | D:1      | Reached skill level 3 in Axes
   369 | D:1      | Reached XP level 3. HP: 31/33 MP: 2/2
  1484 | D:2      | Reached skill level 4 in Axes
  1590 | D:3      | Reached XP level 4. HP: 40/40 MP: 3/3
  1786 | D:3      | Noticed Natasha
  1790 | D:3      | Killed Natasha
  1791 | D:3      | Reached skill level 5 in Axes
  1838 | D:3      | Found a white marble altar of Elyvilon.
  1873 | D:3      | Noticed Natasha
  1882 | D:3      | Killed Natasha
  1883 | D:3      | Reached XP level 5. HP: 34/47 MP: 4/4
  2113 | D:3      | Noticed Natasha
  2125 | D:3      | Killed Natasha
  2200 | D:4      | Reached skill level 5 in Fighting
  2229 | D:4      | Found Noumu's General Store.
  2236 | D:4      | Reached skill level 6 in Axes
  2236 | D:4      | Reached XP level 6. HP: 54/56 MP: 5/5
  2301 | D:4      | Found a runed translucent door.
  2306 | D:4      | Noticed CowFu's ghost (amateur GrRe)
  2692 | D:4      | Reached skill level 7 in Axes
  2979 | D:4      | Identified the +4 quarterstaff of Temperance {venom, rPois}
  3132 | D:5      | Entered Level 5 of the Dungeon
  3359 | D:5      | Reached XP level 7. HP: 61/63 MP: 6/6
  3820 | D:5      | Identified the +0 leather armour of Jeuheh {Harm rN+ Will+}
  4294 | D:6      | Reached skill level 5 in Armour
  4294 | D:6      | Reached skill level 5 in Shields
  4484 | D:6      | Found a radiant altar of Vehumet.
  4588 | D:6      | Found a bloodstained altar of Trog.
  4588 | D:6      | Found a shadowy altar of Dithmenos.
  4725 | D:6      | Reached skill level 8 in Axes
  4725 | D:6      | Reached XP level 8. HP: 70/70 MP: 7/7
  4796 | D:6      | Found a staircase to the Ecumenical Temple.
  4806 | D:6      | Identified the serpent talisman "Gijid" {rC+ Will+}
  4810 | Temple   | Entered the Ecumenical Temple
  4820 | Temple   | Became a worshipper of Warmaster Okawaru
  5156 | D:6      | Found a sacrificial altar of Ru.
  5290 | D:6      | Reached skill level 9 in Axes
  5588 | D:7      | Reached * piety under Okawaru
  5751 | D:7      | Reached skill level 10 in Axes
  5751 | D:7      | Reached XP level 9. HP: 79/79 MP: 8/8
  5759 | D:7      | Reached skill level 1 in Invocations
  6013 | D:7      | Reached ** piety under Okawaru
  6073 | D:7      | Succumbed to a kobold brigand's curare-tipped dart

Illustrated notes

Levels and vault maps discovered:
D:1:      spicycebolla_arrival_transporter_tutorial, layout_loops_ring
D:2:      layout_basic
D:3:      layout_basic, lemuel_doored_altar, minmay_hedge_maze, nrook_campfire,
          minmay_fountain_box, minmay_bisected, uniq_natasha
D:4:      layout_layer_cave, hellmonk_ghost_happy_afterlife, serial_shops, shop,
          nicolae_concentric_dashed_squares_mild, roderic_serpentine_path
D:5:      layout_basic, item_on_display_a
D:6:      layout_loops_ring, amethyst_overflow_temple_binary,
          fiery_altar_vehumet, mainiacjoe_overflow_surrounded_room,
          minmay_temple_entry_wispy
D:7:      layout_cave_pools, nicolae_overflow_crystal_walls
Temple:   nicolae_temple_ecumenical_triangle

Skill      XL: |  1  2  3  4  5  6  7  8  9 |
---------------+----------------------------+-----
Fighting       | 4 5 6 7 |  7.6
Armour         | 4 5 7 |  7.1
Shields        | 4 5 6 |  6.1
Axes           | 3 4 5 6 7 8 10 | 10.1
Invocations    | 2 |  2.6

Action                     |  1- 3 |  4- 6 |  7- 9 || total
---------------------------+-------+-------+-------++-------
  Melee: War axe           |    94 |    83 |   130 ||   307
         Headbutt          |     8 |     7 |    24 ||    39
  Throw: Javelin           |       |       |     1 ||     1
 Invoke: Heroism           |       |       |     1 ||     1
    Use: Potion            |       |       |     1 ||     1
 Armour: Scale mail        |    68 |    50 |   100 ||   218
  Dodge: Dodged            |    39 |    15 |    53 ||   107
  Block: Buckler           |    23 |       |       ||    23
         Kite shield       |       |    24 |    49 ||    73

Table legend: (Time is in decaauts)
 A = Elapsed time spent in this place.
 B = Non-inter-level travel time spent in this place.
 C = Inter-level travel time spent in this place.
 D = Time resting spent in this place.
 E = Time spent auto-exploring this place.
 F = Levels seen in this place.
 G = Mean time per level.
                   A        B        C        D        E       F      G
               +--------+--------+--------+--------+--------+-----+--------+
         Total |   6169 |   5928 |    241 |    799 |   4244 |   8 |  771.1 |
       Dungeon |   6149 |   5916 |    233 |    799 |   4244 |   7 |  878.4 |
        Temple |     19 |     11 |      8 |      0 |      0 |   1 |   19.0 |
               +--------+--------+--------+--------+--------+-----+--------+

Top non-repeatable levels by time:
     D:6: 1279 daAuts
     D:5: 1163 daAuts
     D:4: 968 daAuts
     D:2: 874 daAuts
     D:1: 724 daAuts
     D:3: 627 daAuts
     D:7: 511 daAuts
  Temple: 19 daAuts
